Map: Orbital Shipyard

Players

LilDicky

  • Race: Terran Terran
  • League: Diamond

VirginSniper - Winner!

  • Race: Terran Terran

VOD

http://www.twitch.tv/tumescentpie

Description

Time

  • Played on: Jan. 3, 2016, 3:35 a.m.
  • Length: 5:40
Show
View Real Time Build Order
Export as new Build Order

LilDicky Terran 

Build Orders:  

Get SALT Encoding   

  12  0:01  SCV  
  13  0:13  SCV  
  14  0:19  Supply Depot  
  14  0:27  SCV  
  15  0:40  SCV  
  16  0:49  Refinery  
  16  0:50  Barracks  
  16  0:57  SCV  
  17  1:25  SCV  
  18  1:38  Orbital Command  
  18  1:39  Refinery  
  18  1:40  Marine  
  18  1:42  Supply Depot  
  19  1:58  Factory  
  19  2:05  SCV  
  20  2:13  Marine  
  21  2:17  SCV  
  22  2:30  Marine  
  23  2:45  Factory Tech Lab  
  23  2:47  SCV  
  23  2:48  Starport, Marine  
  25  3:00  SCV  
  26  3:20  SCV  
  26  3:22  Siege Tank  
  30  3:31  Supply Depot  
  30  3:43  SCV  
  30  3:47  Supply Depot  
  31  3:53  Marine  
  35  3:55  SCV  
  35  3:56  Siege Tank  
  35  3:58  Command Center  
  39  4:14  Marine  
  40  4:18  Supply Depot  
  40  4:43  Siege Tank  
  41  5:04  Marine  
Show
View Real Time Build Order
Export as new Build Order

VirginSniper Terran - Winner!

Build Orders: 1/1/1, Liberator Opening 

Get SALT Encoding   

  12  0:01  SCV  
  13  0:13  SCV  
  14  0:18  Supply Depot  
  14  0:25  SCV  
  15  0:30  Refinery  
  15  0:40  SCV  
  16  0:47  Barracks  
  16  0:52  SCV  
  17  0:59  Refinery  
  17  1:04  SCV  
  18  1:16  SCV  
  19  1:35  Factory, Orbital Command  
  19  1:36  Marine  
  20  1:43  Supply Depot  
  20  1:53  Marine  
  21  2:00  SCV  
  22  2:15  Marine  
  22  2:17  SCV  
  22  2:19  Starport  
  22  2:20  Factory Reactor  
  24  2:29  SCV  
  25  2:33  Supply Depot, Marine  
  26  2:45  SCV  
  26  2:51  Marine  
  28  3:00  SCV  
  28  3:03  Viking x2  
  33  3:05  Widow Mine  
  33  3:10  Supply Depot  
  33  3:12  SCV  
  36  3:14  Marine  
  36  3:15  Liberator  
  36  3:16  Liberator  
  37  3:26  SCV  
  45  3:44  SCV  
  45  3:54  Command Center  
  45  3:58  Factory Tech Lab  
  45  3:59  Barracks Tech Lab  
  45  4:03  SCV  
  46  4:15  SCV  
  47  4:24  Supply Depot  
  47  4:41  Starport Reactor  
  47  4:43  Barracks  
  47  4:46  SCV, Siege Tank, Marine  
  47  4:47  Barracks  
  52  4:58  SCV  
  53  5:07  Orbital Command  
  53  5:10  SCV  
  53  5:24  SCV  
Tags
 
Add a new tag
Caveats
  • Supply blocks, unpowered buildings, or Contaminate may cause inaccurate times.
  • Supply counts are checked every 10 seconds.